 Dungeon Crawl Stone Soup version 0.21.1-1-g345015f (webtiles) character file.

71 Fang the Skirmisher (level 4, -1/29 HPs)
             Began as a Gargoyle Berserker on May 10, 2018.
             Was a Believer of Trog.
             Slain by Robin
             ... wielding a +0 mace
              (6 damage)
             ... on level 3 of the Dungeon.
             The game lasted 00:02:14 (1941 turns).

Fang the Skirmisher (Gargoyle Berserker)            Turns: 1941, Time: 00:02:15

Health: -1/29      AC:  5    Str: 21    XL:     4   Next: 24%
Magic:  4/4        EV: 12    Int:  8    God:    Trog [**....]
Gold:   141        SH:  0    Dex:  9    Spells: 3/3 levels left

rFire    . . .     SeeInvis .   a - +0 hand axe
rCold    . . .     Gourm    .   (no shield)
rNeg     + . .     Faith    .   b - +0 animal skin
rPois    ∞         Spirit   .   (no helmet)
rElec    +         Reflect  .   j - scarf {cloud immunity}
rCorr    .         Harm     .   (no gloves)
MR       .....                  (no boots)
Stlth    +.........             (no amulet)
HPRegen  0.09/turn              (no ring)
MPRegen  0.09/turn              (no ring)

@: berserk cooldown, slowed, very slow
A: negative energy resistance 1, electricity resistance, unbreathing,
petrification resistance, rot immunity, AC +3
a: Berserk, Trog's Hand, Burn Spellbooks, Renounce Religion


You were on level 3 of the Dungeon.
You worshipped Trog.
Trog was pleased with you.
You were hungry.

You visited 1 branch of the dungeon, and saw 3 of its levels.

You collected 141 gold pieces.

Inventory:

Hand Weapons
 a - a +0 hand axe (weapon)
Armour
 b - a +0 animal skin (worn)
 j - a scarf of cloud immunity (worn)
Scrolls
 d - a scroll of enchant weapon {unknown}
 h - 3 scrolls of teleportation {unknown}
 i - 5 scrolls of remove curse {unknown}
 l - 2 scrolls of identify {unknown}
 o - a scroll of amnesia {unknown}
Potions
 e - 2 potions of curing {unknown}
 f - a potion of ambrosia {unknown}
 g - 2 potions of mutation {unknown}
 k - a potion of lignification {unknown}
 m - 2 potions of haste {unknown}
 n - 2 potions of heal wounds {unknown}
 p - a potion of magic {unknown}
Comestibles
 c - 5 rations
 q - a chunk of flesh


   Skills:
 + Level 3.9 Fighting
 + Level 3.4 Axes
 + Level 2.4 Armour
 + Level 2.2 Dodging
 + Level 0.7 Stealth


You had 3 spell levels left.
You didn't know any spells.

Dungeon Overview and Level Annotations

Branches:
Dungeon (3/15)

Altars:
Ashenzari
Nemelex Xobeh
Trog
Zin

Annotations:
D:3 Robin


Innate Abilities, Weirdness & Mutations

You are resistant to torment.
Your stone body is resilient. (AC +3)
You are immune to poison.
You resist negative energy. (rN+)
You are resistant to electric shocks. (rElec)
You can survive without breathing.
You are immune to petrification.
You are immune to rotting.


Message History

Robin roars a battlecry!
The goblins go into a battle-frenzy!
The worm bites you.
* * * LOW HITPOINT WARNING * * *
The goblin closely misses you.
A kobold comes into view.
The kobold shouts!
You closely miss Robin. You barely miss the goblin.
You hit the worm but do no damage.
The hobgoblin no longer looks unusually strong.
Robin roars a battlecry!
The hobgoblin goes into a battle-frenzy!
The goblin hits you but does no damage. The worm closely misses you.
Unknown command.
You hit Robin but do no damage. You hit the goblin but do no damage.
You hit the worm. The goblin hits you but does no damage.
Robin's bangles clink loudly.
The goblin hits you but does no damage. The worm bites you but does no damage.
Robin hits you with a mace.
You die...

#.####.##.... #.## #..#
. #..# ##.# ##.# #.##
#.# #..# #.# ##.# #.#
#.# #.## #.###### #..#
#@gg...# ##.# #gw......
#.# .g.).....
##.###.........
#....#.K.......
##....#.........
#.....#....=....
########.....#.........
##.....##.....##


You could see a worm, Robin, 2 hobgoblins, a goblin and a kobold.

Vanquished Creatures
  3 adders (D:2)
  A worm (D:2)
  A leopard gecko (D:3)
  A ball python (D:3)
  11 goblins
  4 hobgoblins
  3 jackals (D:2)
  A quokka (D:2)
  3 bats
  3 frilled lizards
  5 kobolds
  3 rats
39 creatures vanquished.

Notes
Turn   | Place    | Note
-------+----------+-------------------------------------------
     0 | D:1      | Fang the Gargoyle Berserker began the quest for the Orb.
     0 | D:1      | Reached XP level 1. HP: 14/14 MP: 1/1
   813 | D:2      | Reached XP level 2. HP: 14/19 MP: 2/2
   815 | D:2      | Found a shattered altar of Ashenzari.
  1157 | D:2      | Found a bloodstained altar of Trog.
  1259 | D:2      | Reached XP level 3. HP: 18/24 MP: 3/3
  1458 | D:2      | Found a glowing silver altar of Zin.
  1514 | D:2      | Found a sparkling altar of Nemelex Xobeh.
  1814 | D:3      | Reached ** piety under Trog
  1914 | D:3      | Noticed Robin
  1921 | D:3      | Reached XP level 4. HP: 22/29 MP: 4/4
  1941 | D:3      | Slain by Robin

Skill      XL: |  1  2  3 |
---------------+----------+-----
Axes           | 3 |  3.4
Dodging        | 2 |  2.2
Fighting       | |  3.9
Armour         | |  2.4
Stealth        | |  0.7

Action                   |  1- 3 |  4- 6 || total
-------------------------+-------+-------++-------
Melee: Hand axe          |    95 |    19 ||   114
Invok: Berserk           |     4 |       ||     4
  Eat: Chunk             |     6 |       ||     6
Armor: Animal skin       |    46 |    11 ||    57
Dodge: Dodged            |    81 |    11 ||    92
